%YAML 1.1
%TAG !u! tag:unity3d.com,2011:
--- !u!29 &1
OcclusionCullingSettings:
  m_ObjectHideFlags: 0
  serializedVersion: 2
  m_OcclusionBakeSettings:
    smallestOccluder: 5
    smallestHole: 0.25
    backfaceThreshold: 100
  m_SceneGUID: 00000000000000000000000000000000
  m_OcclusionCullingData: {fileID: 0}
--- !u!104 &2
RenderSettings:
  m_ObjectHideFlags: 0
  serializedVersion: 9
  m_Fog: 0
  m_FogColor: {r: 0.5, g: 0.5, b: 0.5, a: 1}
  m_FogMode: 3
  m_FogDensity: 0.01
  m_LinearFogStart: 0
  m_LinearFogEnd: 300
  m_AmbientSkyColor: {r: 0.212, g: 0.227, b: 0.259, a: 1}
  m_AmbientEquatorColor: {r: 0.114, g: 0.125, b: 0.133, a: 1}
  m_AmbientGroundColor: {r: 0.047, g: 0.043, b: 0.035, a: 1}
  m_AmbientIntensity: 1
  m_AmbientMode: 0
  m_SubtractiveShadowColor: {r: 0.42, g: 0.478, b: 0.627, a: 1}
  m_SkyboxMaterial: {fileID: 2100000, guid: 02b46c7598f8a5246bcdc9f3c3907950, type: 2}
  m_HaloStrength: 0.5
  m_FlareStrength: 1
  m_FlareFadeSpeed: 3
  m_HaloTexture: {fileID: 0}
  m_SpotCookie: {fileID: 10001, guid: 0000000000000000e000000000000000, type: 0}
  m_DefaultReflectionMode: 0
  m_DefaultReflectionResolution: 128
  m_ReflectionBounces: 1
  m_ReflectionIntensity: 1
  m_CustomReflection: {fileID: 0}
  m_Sun: {fileID: 0}
  m_IndirectSpecularColor: {r: 0, g: 0, b: 0, a: 1}
  m_UseRadianceAmbientProbe: 0
--- !u!157 &3
LightmapSettings:
  m_ObjectHideFlags: 0
  serializedVersion: 11
  m_GIWorkflowMode: 1
  m_GISettings:
    serializedVersion: 2
    m_BounceScale: 1
    m_IndirectOutputScale: 1
    m_AlbedoBoost: 1
    m_EnvironmentLightingMode: 0
    m_EnableBakedLightmaps: 1
    m_EnableRealtimeLightmaps: 1
  m_LightmapEditorSettings:
    serializedVersion: 12
    m_Resolution: 2
    m_BakeResolution: 40
    m_AtlasSize: 1024
    m_AO: 0
    m_AOMaxDistance: 1
    m_CompAOExponent: 1
    m_CompAOExponentDirect: 0
    m_ExtractAmbientOcclusion: 0
    m_Padding: 2
    m_LightmapParameters: {fileID: 0}
    m_LightmapsBakeMode: 1
    m_TextureCompression: 1
    m_FinalGather: 0
    m_FinalGatherFiltering: 1
    m_FinalGatherRayCount: 256
    m_ReflectionCompression: 2
    m_MixedBakeMode: 2
    m_BakeBackend: 1
    m_PVRSampling: 1
    m_PVRDirectSampleCount: 32
    m_PVRSampleCount: 512
    m_PVRBounces: 2
    m_PVREnvironmentSampleCount: 256
    m_PVREnvironmentReferencePointCount: 2048
    m_PVRFilteringMode: 1
    m_PVRDenoiserTypeDirect: 1
    m_PVRDenoiserTypeIndirect: 1
    m_PVRDenoiserTypeAO: 1
    m_PVRFilterTypeDirect: 0
    m_PVRFilterTypeIndirect: 0
    m_PVRFilterTypeAO: 0
    m_PVREnvironmentMIS: 1
    m_PVRCulling: 1
    m_PVRFilteringGaussRadiusDirect: 1
    m_PVRFilteringGaussRadiusIndirect: 5
    m_PVRFilteringGaussRadiusAO: 2
    m_PVRFilteringAtrousPositionSigmaDirect: 0.5
    m_PVRFilteringAtrousPositionSigmaIndirect: 2
    m_PVRFilteringAtrousPositionSigmaAO: 1
    m_ExportTrainingData: 0
    m_TrainingDataDestination: TrainingData
  m_LightingDataAsset: {fileID: 0}
  m_UseShadowmask: 1
--- !u!196 &4
NavMeshSettings:
  serializedVersion: 2
  m_ObjectHideFlags: 0
  m_BuildSettings:
    serializedVersion: 2
    agentTypeID: 0
    agentRadius: 0.5
    agentHeight: 2
    agentSlope: 45
    agentClimb: 0.4
    ledgeDropHeight: 0
    maxJumpAcrossDistance: 0
    minRegionArea: 2
    manualCellSize: 0
    cellSize: 0.16666667
    manualTileSize: 0
    tileSize: 256
    accuratePlacement: 0
    debug:
      m_Flags: 0
  m_NavMeshData: {fileID: 0}
--- !u!1001 &99986096
PrefabInstance:
  m_ObjectHideFlags: 0
  serializedVersion: 2
  m_Modification:
    m_TransformParent: {fileID: 0}
    m_Modifications:
    - target: {fileID: 954989166685477597, guid: e42589d2a6b7182458cbd945b592c39d,
        type: 3}
      propertyPath: m_Name
      value: CameraCrane
      objectReference: {fileID: 0}
    - target: {fileID: 954989166685477595, guid: e42589d2a6b7182458cbd945b592c39d,
        type: 3}
      propertyPath: m_LocalPosition.x
      value: 8.84
      objectReference: {fileID: 0}
    - target: {fileID: 954989166685477595, guid: e42589d2a6b7182458cbd945b592c39d,
        type: 3}
      propertyPath: m_LocalPosition.y
      value: 0.068930626
      objectReference: {fileID: 0}
    - target: {fileID: 954989166685477595, guid: e42589d2a6b7182458cbd945b592c39d,
        type: 3}
      propertyPath: m_LocalPosition.z
      value: 2.869999
      objectReference: {fileID: 0}
    - target: {fileID: 954989166685477595, guid: e42589d2a6b7182458cbd945b592c39d,
        type: 3}
      propertyPath: m_LocalRotation.x
      value: 0
      objectReference: {fileID: 0}
    - target: {fileID: 954989166685477595, guid: e42589d2a6b7182458cbd945b592c39d,
        type: 3}
      propertyPath: m_LocalRotation.y
      value: -0.38268343
      objectReference: {fileID: 0}
    - target: {fileID: 954989166685477595, guid: e42589d2a6b7182458cbd945b592c39d,
        type: 3}
      propertyPath: m_LocalRotation.z
      value: 0
      objectReference: {fileID: 0}
    - target: {fileID: 954989166685477595, guid: e42589d2a6b7182458cbd945b592c39d,
        type: 3}
      propertyPath: m_LocalRotation.w
      value: 0.92387956
      objectReference: {fileID: 0}
    - target: {fileID: 954989166685477595, guid: e42589d2a6b7182458cbd945b592c39d,
        type: 3}
      propertyPath: m_RootOrder
      value: 2
      objectReference: {fileID: 0}
    - target: {fileID: 954989166685477595, guid: e42589d2a6b7182458cbd945b592c39d,
        type: 3}
      propertyPath: m_LocalEulerAnglesHint.x
      value: 0
      objectReference: {fileID: 0}
    - target: {fileID: 954989166685477595, guid: e42589d2a6b7182458cbd945b592c39d,
        type: 3}
      propertyPath: m_LocalEulerAnglesHint.y
      value: -45
      objectReference: {fileID: 0}
    - target: {fileID: 954989166685477595, guid: e42589d2a6b7182458cbd945b592c39d,
        type: 3}
      propertyPath: m_LocalEulerAnglesHint.z
      value: 0
      objectReference: {fileID: 0}
    m_RemovedComponents: []
  m_SourcePrefab: {fileID: 100100000, guid: e42589d2a6b7182458cbd945b592c39d, type: 3}
--- !u!1001 &244270471
PrefabInstance:
  m_ObjectHideFlags: 0
  serializedVersion: 2
  m_Modification:
    m_TransformParent: {fileID: 477661823}
    m_Modifications:
    - target: {fileID: 5969542883797661706, guid: f0643eb72f2cbe04495c988db606b31f,
        type: 3}
      propertyPath: m_Name
      value: ExitPoint (3)
      objectReference: {fileID: 0}
    - target: {fileID: 5969542883797661814, guid: f0643eb72f2cbe04495c988db606b31f,
        type: 3}
      propertyPath: m_LocalPosition.x
      value: 19.5
      objectReference: {fileID: 0}
    - target: {fileID: 5969542883797661814, guid: f0643eb72f2cbe04495c988db606b31f,
        type: 3}
      propertyPath: m_LocalPosition.y
      value: 0.08
      objectReference: {fileID: 0}
    - target: {fileID: 5969542883797661814, guid: f0643eb72f2cbe04495c988db606b31f,
        type: 3}
      propertyPath: m_LocalPosition.z
      value: 1.5
      objectReference: {fileID: 0}
    - target: {fileID: 5969542883797661814, guid: f0643eb72f2cbe04495c988db606b31f,
        type: 3}
      propertyPath: m_LocalRotation.x
      value: -0
      objectReference: {fileID: 0}
    - target: {fileID: 5969542883797661814, guid: f0643eb72f2cbe04495c988db606b31f,
        type: 3}
      propertyPath: m_LocalRotation.y
      value: 1
      objectReference: {fileID: 0}
    - target: {fileID: 5969542883797661814, guid: f0643eb72f2cbe04495c988db606b31f,
        type: 3}
      propertyPath: m_LocalRotation.z
      value: -0
      objectReference: {fileID: 0}
    - target: {fileID: 5969542883797661814, guid: f0643eb72f2cbe04495c988db606b31f,
        type: 3}
      propertyPath: m_LocalRotation.w
      value: 0
      objectReference: {fileID: 0}
    - target: {fileID: 5969542883797661814, guid: f0643eb72f2cbe04495c988db606b31f,
        type: 3}
      propertyPath: m_RootOrder
      value: 3
      objectReference: {fileID: 0}
    - target: {fileID: 5969542883797661814, guid: f0643eb72f2cbe04495c988db606b31f,
        type: 3}
      propertyPath: m_LocalEulerAnglesHint.x
      value: 0
      objectReference: {fileID: 0}
    - target: {fileID: 5969542883797661814, guid: f0643eb72f2cbe04495c988db606b31f,
        type: 3}
      propertyPath: m_LocalEulerAnglesHint.y
      value: 180
      objectReference: {fileID: 0}
    - target: {fileID: 5969542883797661814, guid: f0643eb72f2cbe04495c988db606b31f,
        type: 3}
      propertyPath: m_LocalEulerAnglesHint.z
      value: 0
      objectReference: {fileID: 0}
    m_RemovedComponents: []
  m_SourcePrefab: {fileID: 100100000, guid: f0643eb72f2cbe04495c988db606b31f, type: 3}
--- !u!1001 &264947820
PrefabInstance:
  m_ObjectHideFlags: 0
  serializedVersion: 2
  m_Modification:
    m_TransformParent: {fileID: 477661823}
    m_Modifications:
    - target: {fileID: 5969542883797661706, guid: f0643eb72f2cbe04495c988db606b31f,
        type: 3}
      propertyPath: m_Name
      value: ExitPoint (6)
      objectReference: {fileID: 0}
    - target: {fileID: 5969542883797661814, guid: f0643eb72f2cbe04495c988db606b31f,
        type: 3}
      propertyPath: m_LocalPosition.x
      value: 21.5
      objectReference: {fileID: 0}
    - target: {fileID: 5969542883797661814, guid: f0643eb72f2cbe04495c988db606b31f,
        type: 3}
      propertyPath: m_LocalPosition.y
      value: 0.08
      objectReference: {fileID: 0}
    - target: {fileID: 5969542883797661814, guid: f0643eb72f2cbe04495c988db606b31f,
        type: 3}
      propertyPath: m_LocalPosition.z
      value: 2.5
      objectReference: {fileID: 0}
    - target: {fileID: 5969542883797661814, guid: f0643eb72f2cbe04495c988db606b31f,
        type: 3}
      propertyPath: m_LocalRotation.x
      value: -0
      objectReference: {fileID: 0}
    - target: {fileID: 5969542883797661814, guid: f0643eb72f2cbe04495c988db606b31f,
        type: 3}
      propertyPath: m_LocalRotation.y
      value: 1
      objectReference: {fileID: 0}
    - target: {fileID: 5969542883797661814, guid: f0643eb72f2cbe04495c988db606b31f,
        type: 3}
      propertyPath: m_LocalRotation.z
      value: -0
      objectReference: {fileID: 0}
    - target: {fileID: 5969542883797661814, guid: f0643eb72f2cbe04495c988db606b31f,
        type: 3}
      propertyPath: m_LocalRotation.w
      value: 0
      objectReference: {fileID: 0}
    - target: {fileID: 5969542883797661814, guid: f0643eb72f2cbe04495c988db606b31f,
        type: 3}
      propertyPath: m_RootOrder
      value: 6
      objectReference: {fileID: 0}
    - target: {fileID: 5969542883797661814, guid: f0643eb72f2cbe04495c988db606b31f,
        type: 3}
      propertyPath: m_LocalEulerAnglesHint.x
      value: 0
      objectReference: {fileID: 0}
    - target: {fileID: 5969542883797661814, guid: f0643eb72f2cbe04495c988db606b31f,
        type: 3}
      propertyPath: m_LocalEulerAnglesHint.y
      value: 180
      objectReference: {fileID: 0}
    - target: {fileID: 5969542883797661814, guid: f0643eb72f2cbe04495c988db606b31f,
        type: 3}
      propertyPath: m_LocalEulerAnglesHint.z
      value: 0
      objectReference: {fileID: 0}
    m_RemovedComponents: []
  m_SourcePrefab: {fileID: 100100000, guid: f0643eb72f2cbe04495c988db606b31f, type: 3}
--- !u!1 &402318163
GameObject:
  m_ObjectHideFlags: 0
  m_CorrespondingSourceObject: {fileID: 0}
  m_PrefabInstance: {fileID: 0}
  m_PrefabAsset: {fileID: 0}
  serializedVersion: 6
  m_Component:
  - component: {fileID: 402318165}
  - component: {fileID: 402318164}
  m_Layer: 0
  m_Name: Directional Light
  m_TagString: Untagged
  m_Icon: {fileID: 0}
  m_NavMeshLayer: 0
  m_StaticEditorFlags: 0
  m_IsActive: 1
--- !u!108 &402318164
Light:
  m_ObjectHideFlags: 0
  m_CorrespondingSourceObject: {fileID: 0}
  m_PrefabInstance: {fileID: 0}
  m_PrefabAsset: {fileID: 0}
  m_GameObject: {fileID: 402318163}
  m_Enabled: 1
  serializedVersion: 9
  m_Type: 1
  m_Color: {r: 1, g: 0.95686275, b: 0.8392157, a: 1}
  m_Intensity: 1
  m_Range: 10
  m_SpotAngle: 30
  m_InnerSpotAngle: 21.80208
  m_CookieSize: 10
  m_Shadows:
    m_Type: 0
    m_Resolution: -1
    m_CustomResolution: -1
    m_Strength: 1
    m_Bias: 0.05
    m_NormalBias: 0.4
    m_NearPlane: 0.2
    m_CullingMatrixOverride:
      e00: 1
      e01: 0
      e02: 0
      e03: 0
      e10: 0
      e11: 1
      e12: 0
      e13: 0
      e20: 0
      e21: 0
      e22: 1
      e23: 0
      e30: 0
      e31: 0
      e32: 0
      e33: 1
    m_UseCullingMatrixOverride: 0
  m_Cookie: {fileID: 0}
  m_DrawHalo: 0
  m_Flare: {fileID: 0}
  m_RenderMode: 0
  m_CullingMask:
    serializedVersion: 2
    m_Bits: 4294967295
  m_RenderingLayerMask: 1
  m_Lightmapping: 4
  m_LightShadowCasterMode: 0
  m_AreaSize: {x: 1, y: 1}
  m_BounceIntensity: 1
  m_ColorTemperature: 6570
  m_UseColorTemperature: 0
  m_BoundingSphereOverride: {x: 0, y: 0, z: 0, w: 0}
  m_UseBoundingSphereOverride: 0
  m_ShadowRadius: 0
  m_ShadowAngle: 0
--- !u!4 &402318165
Transform:
  m_ObjectHideFlags: 0
  m_CorrespondingSourceObject: {fileID: 0}
  m_PrefabInstance: {fileID: 0}
  m_PrefabAsset: {fileID: 0}
  m_GameObject: {fileID: 402318163}
  m_LocalRotation: {x: 0.5938294, y: -0.20413071, z: 0.15911607, w: 0.76182634}
  m_LocalPosition: {x: 12.84, y: 12.6, z: 10.5}
  m_LocalScale: {x: 1, y: 1, z: 1}
  m_Children: []
  m_Father: {fileID: 0}
  m_RootOrder: 1
  m_LocalEulerAnglesHint: {x: 75.871, y: -30.000002, z: 0}
--- !u!4 &415323699 stripped
Transform:
  m_CorrespondingSourceObject: {fileID: 5969542883797661814, guid: f0643eb72f2cbe04495c988db606b31f,
    type: 3}
  m_PrefabInstance: {fileID: 1619869945}
  m_PrefabAsset: {fileID: 0}
--- !u!1 &477661822
GameObject:
  m_ObjectHideFlags: 0
  m_CorrespondingSourceObject: {fileID: 0}
  m_PrefabInstance: {fileID: 0}
  m_PrefabAsset: {fileID: 0}
  serializedVersion: 6
  m_Component:
  - component: {fileID: 477661823}
  m_Layer: 0
  m_Name: Exit Points
  m_TagString: Untagged
  m_Icon: {fileID: 0}
  m_NavMeshLayer: 0
  m_StaticEditorFlags: 0
  m_IsActive: 1
--- !u!4 &477661823
Transform:
  m_ObjectHideFlags: 0
  m_CorrespondingSourceObject: {fileID: 0}
  m_PrefabInstance: {fileID: 0}
  m_PrefabAsset: {fileID: 0}
  m_GameObject: {fileID: 477661822}
  m_LocalRotation: {x: 0, y: 0, z: 0, w: 1}
  m_LocalPosition: {x: 0, y: 0, z: 0}
  m_LocalScale: {x: 1, y: 1, z: 1}
  m_Children:
  - {fileID: 1140003150}
  - {fileID: 1449389765}
  - {fileID: 1443401881}
  - {fileID: 1798930759}
  - {fileID: 1190105095}
  - {fileID: 415323699}
  - {fileID: 769867460}
  - {fileID: 1693190082}
  - {fileID: 1742285624}
  m_Father: {fileID: 0}
  m_RootOrder: 6
  m_LocalEulerAnglesHint: {x: 0, y: 0, z: 0}
--- !u!1001 &497443008
PrefabInstance:
  m_ObjectHideFlags: 0
  serializedVersion: 2
  m_Modification:
    m_TransformParent: {fileID: 477661823}
    m_Modifications:
    - target: {fileID: 5969542883797661706, guid: f0643eb72f2cbe04495c988db606b31f,
        type: 3}
      propertyPath: m_Name
      value: ExitPoint (8)
      objectReference: {fileID: 0}
    - target: {fileID: 5969542883797661814, guid: f0643eb72f2cbe04495c988db606b31f,
        type: 3}
      propertyPath: m_LocalPosition.x
      value: 19.5
      objectReference: {fileID: 0}
    - target: {fileID: 5969542883797661814, guid: f0643eb72f2cbe04495c988db606b31f,
        type: 3}
      propertyPath: m_LocalPosition.y
      value: 0.08
      objectReference: {fileID: 0}
    - target: {fileID: 5969542883797661814, guid: f0643eb72f2cbe04495c988db606b31f,
        type: 3}
      propertyPath: m_LocalPosition.z
      value: 2.5
      objectReference: {fileID: 0}
    - target: {fileID: 5969542883797661814, guid: f0643eb72f2cbe04495c988db606b31f,
        type: 3}
      propertyPath: m_LocalRotation.x
      value: -0
      objectReference: {fileID: 0}
    - target: {fileID: 5969542883797661814, guid: f0643eb72f2cbe04495c988db606b31f,
        type: 3}
      propertyPath: m_LocalRotation.y
      value: 1
      objectReference: {fileID: 0}
    - target: {fileID: 5969542883797661814, guid: f0643eb72f2cbe04495c988db606b31f,
        type: 3}
      propertyPath: m_LocalRotation.z
      value: -0
      objectReference: {fileID: 0}
    - target: {fileID: 5969542883797661814, guid: f0643eb72f2cbe04495c988db606b31f,
        type: 3}
      propertyPath: m_LocalRotation.w
      value: 0
      objectReference: {fileID: 0}
    - target: {fileID: 5969542883797661814, guid: f0643eb72f2cbe04495c988db606b31f,
        type: 3}
      propertyPath: m_RootOrder
      value: 8
      objectReference: {fileID: 0}
    - target: {fileID: 5969542883797661814, guid: f0643eb72f2cbe04495c988db606b31f,
        type: 3}
      propertyPath: m_LocalEulerAnglesHint.x
      value: 0
      objectReference: {fileID: 0}
    - target: {fileID: 5969542883797661814, guid: f0643eb72f2cbe04495c988db606b31f,
        type: 3}
      propertyPath: m_LocalEulerAnglesHint.y
      value: 180
      objectReference: {fileID: 0}
    - target: {fileID: 5969542883797661814, guid: f0643eb72f2cbe04495c988db606b31f,
        type: 3}
      propertyPath: m_LocalEulerAnglesHint.z
      value: 0
      objectReference: {fileID: 0}
    m_RemovedComponents: []
  m_SourcePrefab: {fileID: 100100000, guid: f0643eb72f2cbe04495c988db606b31f, type: 3}
--- !u!1001 &743456220
PrefabInstance:
  m_ObjectHideFlags: 0
  serializedVersion: 2
  m_Modification:
    m_TransformParent: {fileID: 477661823}
    m_Modifications:
    - target: {fileID: 5969542883797661706, guid: f0643eb72f2cbe04495c988db606b31f,
        type: 3}
      propertyPath: m_Name
      value: ExitPoint (7)
      objectReference: {fileID: 0}
    - target: {fileID: 5969542883797661814, guid: f0643eb72f2cbe04495c988db606b31f,
        type: 3}
      propertyPath: m_LocalPosition.x
      value: 20.5
      objectReference: {fileID: 0}
    - target: {fileID: 5969542883797661814, guid: f0643eb72f2cbe04495c988db606b31f,
        type: 3}
      propertyPath: m_LocalPosition.y
      value: 0.08
      objectReference: {fileID: 0}
    - target: {fileID: 5969542883797661814, guid: f0643eb72f2cbe04495c988db606b31f,
        type: 3}
      propertyPath: m_LocalPosition.z
      value: 2.5
      objectReference: {fileID: 0}
    - target: {fileID: 5969542883797661814, guid: f0643eb72f2cbe04495c988db606b31f,
        type: 3}
      propertyPath: m_LocalRotation.x
      value: -0
      objectReference: {fileID: 0}
    - target: {fileID: 5969542883797661814, guid: f0643eb72f2cbe04495c988db606b31f,
        type: 3}
      propertyPath: m_LocalRotation.y
      value: 1
      objectReference: {fileID: 0}
    - target: {fileID: 5969542883797661814, guid: f0643eb72f2cbe04495c988db606b31f,
        type: 3}
      propertyPath: m_LocalRotation.z
      value: -0
      objectReference: {fileID: 0}
    - target: {fileID: 5969542883797661814, guid: f0643eb72f2cbe04495c988db606b31f,
        type: 3}
      propertyPath: m_LocalRotation.w
      value: 0
      objectReference: {fileID: 0}
    - target: {fileID: 5969542883797661814, guid: f0643eb72f2cbe04495c988db606b31f,
        type: 3}
      propertyPath: m_RootOrder
      value: 7
      objectReference: {fileID: 0}
    - target: {fileID: 5969542883797661814, guid: f0643eb72f2cbe04495c988db606b31f,
        type: 3}
      propertyPath: m_LocalEulerAnglesHint.x
      value: 0
      objectReference: {fileID: 0}
    - target: {fileID: 5969542883797661814, guid: f0643eb72f2cbe04495c988db606b31f,
        type: 3}
      propertyPath: m_LocalEulerAnglesHint.y
      value: 180
      objectReference: {fileID: 0}
    - target: {fileID: 5969542883797661814, guid: f0643eb72f2cbe04495c988db606b31f,
        type: 3}
      propertyPath: m_LocalEulerAnglesHint.z
      value: 0
      objectReference: {fileID: 0}
    m_RemovedComponents: []
  m_SourcePrefab: {fileID: 100100000, guid: f0643eb72f2cbe04495c988db606b31f, type: 3}
--- !u!4 &769867460 stripped
Transform:
  m_CorrespondingSourceObject: {fileID: 5969542883797661814, guid: f0643eb72f2cbe04495c988db606b31f,
    type: 3}
  m_PrefabInstance: {fileID: 264947820}
  m_PrefabAsset: {fileID: 0}
--- !u!1001 &947875409
PrefabInstance:
  m_ObjectHideFlags: 0
  serializedVersion: 2
  m_Modification:
    m_TransformParent: {fileID: 477661823}
    m_Modifications:
    - target: {fileID: 5969542883797661706, guid: f0643eb72f2cbe04495c988db606b31f,
        type: 3}
      propertyPath: m_Name
      value: ExitPoint (4)
      objectReference: {fileID: 0}
    - target: {fileID: 5969542883797661814, guid: f0643eb72f2cbe04495c988db606b31f,
        type: 3}
      propertyPath: m_LocalPosition.x
      value: 20.5
      objectReference: {fileID: 0}
    - target: {fileID: 5969542883797661814, guid: f0643eb72f2cbe04495c988db606b31f,
        type: 3}
      propertyPath: m_LocalPosition.y
      value: 0.08
      objectReference: {fileID: 0}
    - target: {fileID: 5969542883797661814, guid: f0643eb72f2cbe04495c988db606b31f,
        type: 3}
      propertyPath: m_LocalPosition.z
      value: 1.5
      objectReference: {fileID: 0}
    - target: {fileID: 5969542883797661814, guid: f0643eb72f2cbe04495c988db606b31f,
        type: 3}
      propertyPath: m_LocalRotation.x
      value: -0
      objectReference: {fileID: 0}
    - target: {fileID: 5969542883797661814, guid: f0643eb72f2cbe04495c988db606b31f,
        type: 3}
      propertyPath: m_LocalRotation.y
      value: 1
      objectReference: {fileID: 0}
    - target: {fileID: 5969542883797661814, guid: f0643eb72f2cbe04495c988db606b31f,
        type: 3}
      propertyPath: m_LocalRotation.z
      value: -0
      objectReference: {fileID: 0}
    - target: {fileID: 5969542883797661814, guid: f0643eb72f2cbe04495c988db606b31f,
        type: 3}
      propertyPath: m_LocalRotation.w
      value: 0
      objectReference: {fileID: 0}
    - target: {fileID: 5969542883797661814, guid: f0643eb72f2cbe04495c988db606b31f,
        type: 3}
      propertyPath: m_RootOrder
      value: 4
      objectReference: {fileID: 0}
    - target: {fileID: 5969542883797661814, guid: f0643eb72f2cbe04495c988db606b31f,
        type: 3}
      propertyPath: m_LocalEulerAnglesHint.x
      value: 0
      objectReference: {fileID: 0}
    - target: {fileID: 5969542883797661814, guid: f0643eb72f2cbe04495c988db606b31f,
        type: 3}
      propertyPath: m_LocalEulerAnglesHint.y
      value: 180
      objectReference: {fileID: 0}
    - target: {fileID: 5969542883797661814, guid: f0643eb72f2cbe04495c988db606b31f,
        type: 3}
      propertyPath: m_LocalEulerAnglesHint.z
      value: 0
      objectReference: {fileID: 0}
    m_RemovedComponents: []
  m_SourcePrefab: {fileID: 100100000, guid: f0643eb72f2cbe04495c988db606b31f, type: 3}
--- !u!4 &1140003150 stripped
Transform:
  m_CorrespondingSourceObject: {fileID: 5969542883797661814, guid: f0643eb72f2cbe04495c988db606b31f,
    type: 3}
  m_PrefabInstance: {fileID: 1893359473}
  m_PrefabAsset: {fileID: 0}
--- !u!1001 &1146263378
PrefabInstance:
  m_ObjectHideFlags: 0
  serializedVersion: 2
  m_Modification:
    m_TransformParent: {fileID: 0}
    m_Modifications:
    - target: {fileID: 1126860016367625057, guid: e0a4a221d087084429d6971889b7e304,
        type: 3}
      propertyPath: m_Name
      value: GameManager
      objectReference: {fileID: 0}
    - target: {fileID: 1126860016367625070, guid: e0a4a221d087084429d6971889b7e304,
        type: 3}
      propertyPath: SkipCameraOverview
      value: 1
      objectReference: {fileID: 0}
    - target: {fileID: 1126860016367625071, guid: e0a4a221d087084429d6971889b7e304,
        type: 3}
      propertyPath: m_LocalPosition.x
      value: 5.5439453
      objectReference: {fileID: 0}
    - target: {fileID: 1126860016367625071, guid: e0a4a221d087084429d6971889b7e304,
        type: 3}
      propertyPath: m_LocalPosition.y
      value: 1.3964844
      objectReference: {fileID: 0}
    - target: {fileID: 1126860016367625071, guid: e0a4a221d087084429d6971889b7e304,
        type: 3}
      propertyPath: m_LocalPosition.z
      value: 4.2246094
      objectReference: {fileID: 0}
    - target: {fileID: 1126860016367625071, guid: e0a4a221d087084429d6971889b7e304,
        type: 3}
      propertyPath: m_LocalRotation.x
      value: 0
      objectReference: {fileID: 0}
    - target: {fileID: 1126860016367625071, guid: e0a4a221d087084429d6971889b7e304,
        type: 3}
      propertyPath: m_LocalRotation.y
      value: 0
      objectReference: {fileID: 0}
    - target: {fileID: 1126860016367625071, guid: e0a4a221d087084429d6971889b7e304,
        type: 3}
      propertyPath: m_LocalRotation.z
      value: 0
      objectReference: {fileID: 0}
    - target: {fileID: 1126860016367625071, guid: e0a4a221d087084429d6971889b7e304,
        type: 3}
      propertyPath: m_LocalRotation.w
      value: 1
      objectReference: {fileID: 0}
    - target: {fileID: 1126860016367625071, guid: e0a4a221d087084429d6971889b7e304,
        type: 3}
      propertyPath: m_RootOrder
      value: 3
      objectReference: {fileID: 0}
    - target: {fileID: 1126860016367625071, guid: e0a4a221d087084429d6971889b7e304,
        type: 3}
      propertyPath: m_LocalEulerAnglesHint.x
      value: 0
      objectReference: {fileID: 0}
    - target: {fileID: 1126860016367625071, guid: e0a4a221d087084429d6971889b7e304,
        type: 3}
      propertyPath: m_LocalEulerAnglesHint.y
      value: 0
      objectReference: {fileID: 0}
    - target: {fileID: 1126860016367625071, guid: e0a4a221d087084429d6971889b7e304,
        type: 3}
      propertyPath: m_LocalEulerAnglesHint.z
      value: 0
      objectReference: {fileID: 0}
    m_RemovedComponents: []
  m_SourcePrefab: {fileID: 100100000, guid: e0a4a221d087084429d6971889b7e304, type: 3}
--- !u!4 &1190105095 stripped
Transform:
  m_CorrespondingSourceObject: {fileID: 5969542883797661814, guid: f0643eb72f2cbe04495c988db606b31f,
    type: 3}
  m_PrefabInstance: {fileID: 947875409}
  m_PrefabAsset: {fileID: 0}
--- !u!1001 &1193037811
PrefabInstance:
  m_ObjectHideFlags: 0
  serializedVersion: 2
  m_Modification:
    m_TransformParent: {fileID: 0}
    m_Modifications:
    - target: {fileID: 4835574882545376011, guid: 8cd8c234ad3e0624bbc1864e424ac026,
        type: 3}
      propertyPath: m_Name
      value: PoolManager
      objectReference: {fileID: 0}
    - target: {fileID: 7133934503486153630, guid: 8cd8c234ad3e0624bbc1864e424ac026,
        type: 3}
      propertyPath: m_LocalPosition.x
      value: 5.547198
      objectReference: {fileID: 0}
    - target: {fileID: 7133934503486153630, guid: 8cd8c234ad3e0624bbc1864e424ac026,
        type: 3}
      propertyPath: m_LocalPosition.y
      value: -0.23722076
      objectReference: {fileID: 0}
    - target: {fileID: 7133934503486153630, guid: 8cd8c234ad3e0624bbc1864e424ac026,
        type: 3}
      propertyPath: m_LocalPosition.z
      value: 4.156023
      objectReference: {fileID: 0}
    - target: {fileID: 7133934503486153630, guid: 8cd8c234ad3e0624bbc1864e424ac026,
        type: 3}
      propertyPath: m_LocalRotation.x
      value: 0
      objectReference: {fileID: 0}
    - target: {fileID: 7133934503486153630, guid: 8cd8c234ad3e0624bbc1864e424ac026,
        type: 3}
      propertyPath: m_LocalRotation.y
      value: 0
      objectReference: {fileID: 0}
    - target: {fileID: 7133934503486153630, guid: 8cd8c234ad3e0624bbc1864e424ac026,
        type: 3}
      propertyPath: m_LocalRotation.z
      value: 0
      objectReference: {fileID: 0}
    - target: {fileID: 7133934503486153630, guid: 8cd8c234ad3e0624bbc1864e424ac026,
        type: 3}
      propertyPath: m_LocalRotation.w
      value: 1
      objectReference: {fileID: 0}
    - target: {fileID: 7133934503486153630, guid: 8cd8c234ad3e0624bbc1864e424ac026,
        type: 3}
      propertyPath: m_RootOrder
      value: 4
      objectReference: {fileID: 0}
    - target: {fileID: 7133934503486153630, guid: 8cd8c234ad3e0624bbc1864e424ac026,
        type: 3}
      propertyPath: m_LocalEulerAnglesHint.x
      value: 0
      objectReference: {fileID: 0}
    - target: {fileID: 7133934503486153630, guid: 8cd8c234ad3e0624bbc1864e424ac026,
        type: 3}
      propertyPath: m_LocalEulerAnglesHint.y
      value: 0
      objectReference: {fileID: 0}
    - target: {fileID: 7133934503486153630, guid: 8cd8c234ad3e0624bbc1864e424ac026,
        type: 3}
      propertyPath: m_LocalEulerAnglesHint.z
      value: 0
      objectReference: {fileID: 0}
    m_RemovedComponents: []
  m_SourcePrefab: {fileID: 100100000, guid: 8cd8c234ad3e0624bbc1864e424ac026, type: 3}
--- !u!4 &1443401881 stripped
Transform:
  m_CorrespondingSourceObject: {fileID: 5969542883797661814, guid: f0643eb72f2cbe04495c988db606b31f,
    type: 3}
  m_PrefabInstance: {fileID: 1458068518}
  m_PrefabAsset: {fileID: 0}
--- !u!4 &1449389765 stripped
Transform:
  m_CorrespondingSourceObject: {fileID: 5969542883797661814, guid: f0643eb72f2cbe04495c988db606b31f,
    type: 3}
  m_PrefabInstance: {fileID: 1559611021}
  m_PrefabAsset: {fileID: 0}
--- !u!1001 &1458068518
PrefabInstance:
  m_ObjectHideFlags: 0
  serializedVersion: 2
  m_Modification:
    m_TransformParent: {fileID: 477661823}
    m_Modifications:
    - target: {fileID: 5969542883797661706, guid: f0643eb72f2cbe04495c988db606b31f,
        type: 3}
      propertyPath: m_Name
      value: ExitPoint (2)
      objectReference: {fileID: 0}
    - target: {fileID: 5969542883797661814, guid: f0643eb72f2cbe04495c988db606b31f,
        type: 3}
      propertyPath: m_LocalPosition.x
      value: 18.5
      objectReference: {fileID: 0}
    - target: {fileID: 5969542883797661814, guid: f0643eb72f2cbe04495c988db606b31f,
        type: 3}
      propertyPath: m_LocalPosition.y
      value: 0.08
      objectReference: {fileID: 0}
    - target: {fileID: 5969542883797661814, guid: f0643eb72f2cbe04495c988db606b31f,
        type: 3}
      propertyPath: m_LocalPosition.z
      value: 1.5
      objectReference: {fileID: 0}
    - target: {fileID: 5969542883797661814, guid: f0643eb72f2cbe04495c988db606b31f,
        type: 3}
      propertyPath: m_LocalRotation.x
      value: -0
      objectReference: {fileID: 0}
    - target: {fileID: 5969542883797661814, guid: f0643eb72f2cbe04495c988db606b31f,
        type: 3}
      propertyPath: m_LocalRotation.y
      value: 1
      objectReference: {fileID: 0}
    - target: {fileID: 5969542883797661814, guid: f0643eb72f2cbe04495c988db606b31f,
        type: 3}
      propertyPath: m_LocalRotation.z
      value: -0
      objectReference: {fileID: 0}
    - target: {fileID: 5969542883797661814, guid: f0643eb72f2cbe04495c988db606b31f,
        type: 3}
      propertyPath: m_LocalRotation.w
      value: 0
      objectReference: {fileID: 0}
    - target: {fileID: 5969542883797661814, guid: f0643eb72f2cbe04495c988db606b31f,
        type: 3}
      propertyPath: m_RootOrder
      value: 2
      objectReference: {fileID: 0}
    - target: {fileID: 5969542883797661814, guid: f0643eb72f2cbe04495c988db606b31f,
        type: 3}
      propertyPath: m_LocalEulerAnglesHint.x
      value: 0
      objectReference: {fileID: 0}
    - target: {fileID: 5969542883797661814, guid: f0643eb72f2cbe04495c988db606b31f,
        type: 3}
      propertyPath: m_LocalEulerAnglesHint.y
      value: 180
      objectReference: {fileID: 0}
    - target: {fileID: 5969542883797661814, guid: f0643eb72f2cbe04495c988db606b31f,
        type: 3}
      propertyPath: m_LocalEulerAnglesHint.z
      value: 0
      objectReference: {fileID: 0}
    m_RemovedComponents: []
  m_SourcePrefab: {fileID: 100100000, guid: f0643eb72f2cbe04495c988db606b31f, type: 3}
--- !u!1001 &1559611021
PrefabInstance:
  m_ObjectHideFlags: 0
  serializedVersion: 2
  m_Modification:
    m_TransformParent: {fileID: 477661823}
    m_Modifications:
    - target: {fileID: 5969542883797661706, guid: f0643eb72f2cbe04495c988db606b31f,
        type: 3}
      propertyPath: m_Name
      value: ExitPoint (1)
      objectReference: {fileID: 0}
    - target: {fileID: 5969542883797661814, guid: f0643eb72f2cbe04495c988db606b31f,
        type: 3}
      propertyPath: m_LocalPosition.x
      value: 17.5
      objectReference: {fileID: 0}
    - target: {fileID: 5969542883797661814, guid: f0643eb72f2cbe04495c988db606b31f,
        type: 3}
      propertyPath: m_LocalPosition.y
      value: 0.08
      objectReference: {fileID: 0}
    - target: {fileID: 5969542883797661814, guid: f0643eb72f2cbe04495c988db606b31f,
        type: 3}
      propertyPath: m_LocalPosition.z
      value: 1.5
      objectReference: {fileID: 0}
    - target: {fileID: 5969542883797661814, guid: f0643eb72f2cbe04495c988db606b31f,
        type: 3}
      propertyPath: m_LocalRotation.x
      value: -0
      objectReference: {fileID: 0}
    - target: {fileID: 5969542883797661814, guid: f0643eb72f2cbe04495c988db606b31f,
        type: 3}
      propertyPath: m_LocalRotation.y
      value: 1
      objectReference: {fileID: 0}
    - target: {fileID: 5969542883797661814, guid: f0643eb72f2cbe04495c988db606b31f,
        type: 3}
      propertyPath: m_LocalRotation.z
      value: -0
      objectReference: {fileID: 0}
    - target: {fileID: 5969542883797661814, guid: f0643eb72f2cbe04495c988db606b31f,
        type: 3}
      propertyPath: m_LocalRotation.w
      value: 0
      objectReference: {fileID: 0}
    - target: {fileID: 5969542883797661814, guid: f0643eb72f2cbe04495c988db606b31f,
        type: 3}
      propertyPath: m_RootOrder
      value: 1
      objectReference: {fileID: 0}
    - target: {fileID: 5969542883797661814, guid: f0643eb72f2cbe04495c988db606b31f,
        type: 3}
      propertyPath: m_LocalEulerAnglesHint.x
      value: 0
      objectReference: {fileID: 0}
    - target: {fileID: 5969542883797661814, guid: f0643eb72f2cbe04495c988db606b31f,
        type: 3}
      propertyPath: m_LocalEulerAnglesHint.y
      value: 180
      objectReference: {fileID: 0}
    - target: {fileID: 5969542883797661814, guid: f0643eb72f2cbe04495c988db606b31f,
        type: 3}
      propertyPath: m_LocalEulerAnglesHint.z
      value: 0
      objectReference: {fileID: 0}
    m_RemovedComponents: []
  m_SourcePrefab: {fileID: 100100000, guid: f0643eb72f2cbe04495c988db606b31f, type: 3}
--- !u!1001 &1619869945
PrefabInstance:
  m_ObjectHideFlags: 0
  serializedVersion: 2
  m_Modification:
    m_TransformParent: {fileID: 477661823}
    m_Modifications:
    - target: {fileID: 5969542883797661706, guid: f0643eb72f2cbe04495c988db606b31f,
        type: 3}
      propertyPath: m_Name
      value: ExitPoint (5)
      objectReference: {fileID: 0}
    - target: {fileID: 5969542883797661814, guid: f0643eb72f2cbe04495c988db606b31f,
        type: 3}
      propertyPath: m_LocalPosition.x
      value: 21.5
      objectReference: {fileID: 0}
    - target: {fileID: 5969542883797661814, guid: f0643eb72f2cbe04495c988db606b31f,
        type: 3}
      propertyPath: m_LocalPosition.y
      value: 0.08
      objectReference: {fileID: 0}
    - target: {fileID: 5969542883797661814, guid: f0643eb72f2cbe04495c988db606b31f,
        type: 3}
      propertyPath: m_LocalPosition.z
      value: 1.5
      objectReference: {fileID: 0}
    - target: {fileID: 5969542883797661814, guid: f0643eb72f2cbe04495c988db606b31f,
        type: 3}
      propertyPath: m_LocalRotation.x
      value: -0
      objectReference: {fileID: 0}
    - target: {fileID: 5969542883797661814, guid: f0643eb72f2cbe04495c988db606b31f,
        type: 3}
      propertyPath: m_LocalRotation.y
      value: 1
      objectReference: {fileID: 0}
    - target: {fileID: 5969542883797661814, guid: f0643eb72f2cbe04495c988db606b31f,
        type: 3}
      propertyPath: m_LocalRotation.z
      value: -0
      objectReference: {fileID: 0}
    - target: {fileID: 5969542883797661814, guid: f0643eb72f2cbe04495c988db606b31f,
        type: 3}
      propertyPath: m_LocalRotation.w
      value: 0
      objectReference: {fileID: 0}
    - target: {fileID: 5969542883797661814, guid: f0643eb72f2cbe04495c988db606b31f,
        type: 3}
      propertyPath: m_RootOrder
      value: 5
      objectReference: {fileID: 0}
    - target: {fileID: 5969542883797661814, guid: f0643eb72f2cbe04495c988db606b31f,
        type: 3}
      propertyPath: m_LocalEulerAnglesHint.x
      value: 0
      objectReference: {fileID: 0}
    - target: {fileID: 5969542883797661814, guid: f0643eb72f2cbe04495c988db606b31f,
        type: 3}
      propertyPath: m_LocalEulerAnglesHint.y
      value: 180
      objectReference: {fileID: 0}
    - target: {fileID: 5969542883797661814, guid: f0643eb72f2cbe04495c988db606b31f,
        type: 3}
      propertyPath: m_LocalEulerAnglesHint.z
      value: 0
      objectReference: {fileID: 0}
    m_RemovedComponents: []
  m_SourcePrefab: {fileID: 100100000, guid: f0643eb72f2cbe04495c988db606b31f, type: 3}
--- !u!1001 &1642054639
PrefabInstance:
  m_ObjectHideFlags: 0
  serializedVersion: 2
  m_Modification:
    m_TransformParent: {fileID: 0}
    m_Modifications:
    - target: {fileID: 8022727985797728879, guid: 14891179e593afb438cdfa61d68255e5,
        type: 3}
      propertyPath: m_Name
      value: Canvas_v6
      objectReference: {fileID: 0}
    - target: {fileID: 8022727985797728883, guid: 14891179e593afb438cdfa61d68255e5,
        type: 3}
      propertyPath: m_LocalPosition.x
      value: 0
      objectReference: {fileID: 0}
    - target: {fileID: 8022727985797728883, guid: 14891179e593afb438cdfa61d68255e5,
        type: 3}
      propertyPath: m_LocalPosition.y
      value: 0
      objectReference: {fileID: 0}
    - target: {fileID: 8022727985797728883, guid: 14891179e593afb438cdfa61d68255e5,
        type: 3}
      propertyPath: m_LocalPosition.z
      value: 0
      objectReference: {fileID: 0}
    - target: {fileID: 8022727985797728883, guid: 14891179e593afb438cdfa61d68255e5,
        type: 3}
      propertyPath: m_LocalRotation.x
      value: 0
      objectReference: {fileID: 0}
    - target: {fileID: 8022727985797728883, guid: 14891179e593afb438cdfa61d68255e5,
        type: 3}
      propertyPath: m_LocalRotation.y
      value: 0
      objectReference: {fileID: 0}
    - target: {fileID: 8022727985797728883, guid: 14891179e593afb438cdfa61d68255e5,
        type: 3}
      propertyPath: m_LocalRotation.z
      value: 0
      objectReference: {fileID: 0}
    - target: {fileID: 8022727985797728883, guid: 14891179e593afb438cdfa61d68255e5,
        type: 3}
      propertyPath: m_LocalRotation.w
      value: 1
      objectReference: {fileID: 0}
    - target: {fileID: 8022727985797728883, guid: 14891179e593afb438cdfa61d68255e5,
        type: 3}
      propertyPath: m_RootOrder
      value: 5
      objectReference: {fileID: 0}
    - target: {fileID: 8022727985797728883, guid: 14891179e593afb438cdfa61d68255e5,
        type: 3}
      propertyPath: m_LocalEulerAnglesHint.x
      value: 0
      objectReference: {fileID: 0}
    - target: {fileID: 8022727985797728883, guid: 14891179e593afb438cdfa61d68255e5,
        type: 3}
      propertyPath: m_LocalEulerAnglesHint.y
      value: 0
      objectReference: {fileID: 0}
    - target: {fileID: 8022727985797728883, guid: 14891179e593afb438cdfa61d68255e5,
        type: 3}
      propertyPath: m_LocalEulerAnglesHint.z
      value: 0
      objectReference: {fileID: 0}
    - target: {fileID: 8022727985797728883, guid: 14891179e593afb438cdfa61d68255e5,
        type: 3}
      propertyPath: m_AnchoredPosition.x
      value: 169
      objectReference: {fileID: 0}
    - target: {fileID: 8022727985797728883, guid: 14891179e593afb438cdfa61d68255e5,
        type: 3}
      propertyPath: m_AnchoredPosition.y
      value: 95
      objectReference: {fileID: 0}
    - target: {fileID: 8022727985797728883, guid: 14891179e593afb438cdfa61d68255e5,
        type: 3}
      propertyPath: m_SizeDelta.x
      value: 1920
      objectReference: {fileID: 0}
    - target: {fileID: 8022727985797728883, guid: 14891179e593afb438cdfa61d68255e5,
        type: 3}
      propertyPath: m_SizeDelta.y
      value: 0
      objectReference: {fileID: 0}
    - target: {fileID: 8022727985797728883, guid: 14891179e593afb438cdfa61d68255e5,
        type: 3}
      propertyPath: m_AnchorMin.x
      value: 0
      objectReference: {fileID: 0}
    - target: {fileID: 8022727985797728883, guid: 14891179e593afb438cdfa61d68255e5,
        type: 3}
      propertyPath: m_AnchorMin.y
      value: 0
      objectReference: {fileID: 0}
    - target: {fileID: 8022727985797728883, guid: 14891179e593afb438cdfa61d68255e5,
        type: 3}
      propertyPath: m_AnchorMax.x
      value: 0
      objectReference: {fileID: 0}
    - target: {fileID: 8022727985797728883, guid: 14891179e593afb438cdfa61d68255e5,
        type: 3}
      propertyPath: m_AnchorMax.y
      value: 0
      objectReference: {fileID: 0}
    - target: {fileID: 8022727985797728883, guid: 14891179e593afb438cdfa61d68255e5,
        type: 3}
      propertyPath: m_Pivot.x
      value: 0.5
      objectReference: {fileID: 0}
    - target: {fileID: 8022727985797728883, guid: 14891179e593afb438cdfa61d68255e5,
        type: 3}
      propertyPath: m_Pivot.y
      value: 0.5
      objectReference: {fileID: 0}
    - target: {fileID: 8022727985797728883, guid: 14891179e593afb438cdfa61d68255e5,
        type: 3}
      propertyPath: m_LocalScale.x
      value: 0.17604166
      objectReference: {fileID: 0}
    - target: {fileID: 8022727985797728883, guid: 14891179e593afb438cdfa61d68255e5,
        type: 3}
      propertyPath: m_LocalScale.y
      value: 0.17604166
      objectReference: {fileID: 0}
    - target: {fileID: 8022727985797728883, guid: 14891179e593afb438cdfa61d68255e5,
        type: 3}
      propertyPath: m_LocalScale.z
      value: 0.17604166
      objectReference: {fileID: 0}
    - target: {fileID: 4550009978919777047, guid: 14891179e593afb438cdfa61d68255e5,
        type: 3}
      propertyPath: m_AnchorMax.x
      value: 0
      objectReference: {fileID: 0}
    - target: {fileID: 4550009978919777047, guid: 14891179e593afb438cdfa61d68255e5,
        type: 3}
      propertyPath: m_AnchorMax.y
      value: 0
      objectReference: {fileID: 0}
    - target: {fileID: 4550009978919777047, guid: 14891179e593afb438cdfa61d68255e5,
        type: 3}
      propertyPath: m_SizeDelta.x
      value: 0
      objectReference: {fileID: 0}
    - target: {fileID: 4550009980571687181, guid: 14891179e593afb438cdfa61d68255e5,
        type: 3}
      propertyPath: m_AnchorMin.y
      value: 0
      objectReference: {fileID: 0}
    - target: {fileID: 4550009980571687181, guid: 14891179e593afb438cdfa61d68255e5,
        type: 3}
      propertyPath: m_AnchorMax.y
      value: 0
      objectReference: {fileID: 0}
    - target: {fileID: 4550009980571687181, guid: 14891179e593afb438cdfa61d68255e5,
        type: 3}
      propertyPath: m_AnchoredPosition.x
      value: 0
      objectReference: {fileID: 0}
    - target: {fileID: 4550009980571687181, guid: 14891179e593afb438cdfa61d68255e5,
        type: 3}
      propertyPath: m_AnchoredPosition.y
      value: 0
      objectReference: {fileID: 0}
    - target: {fileID: 353834460511050545, guid: 14891179e593afb438cdfa61d68255e5,
        type: 3}
      propertyPath: m_AnchorMin.y
      value: 0
      objectReference: {fileID: 0}
    - target: {fileID: 353834460511050545, guid: 14891179e593afb438cdfa61d68255e5,
        type: 3}
      propertyPath: m_AnchorMax.y
      value: 0
      objectReference: {fileID: 0}
    - target: {fileID: 353834460511050545, guid: 14891179e593afb438cdfa61d68255e5,
        type: 3}
      propertyPath: m_AnchoredPosition.x
      value: 0
      objectReference: {fileID: 0}
    - target: {fileID: 353834460511050545, guid: 14891179e593afb438cdfa61d68255e5,
        type: 3}
      propertyPath: m_AnchoredPosition.y
      value: 0
      objectReference: {fileID: 0}
    - target: {fileID: 6100692652425816249, guid: 14891179e593afb438cdfa61d68255e5,
        type: 3}
      propertyPath: m_AnchorMin.y
      value: 0
      objectReference: {fileID: 0}
    - target: {fileID: 6100692652425816249, guid: 14891179e593afb438cdfa61d68255e5,
        type: 3}
      propertyPath: m_AnchorMax.y
      value: 0
      objectReference: {fileID: 0}
    - target: {fileID: 6100692652425816249, guid: 14891179e593afb438cdfa61d68255e5,
        type: 3}
      propertyPath: m_AnchoredPosition.x
      value: 0
      objectReference: {fileID: 0}
    - target: {fileID: 6100692652425816249, guid: 14891179e593afb438cdfa61d68255e5,
        type: 3}
      propertyPath: m_AnchoredPosition.y
      value: 0
      objectReference: {fileID: 0}
    - target: {fileID: 417093740062807442, guid: 14891179e593afb438cdfa61d68255e5,
        type: 3}
      propertyPath: m_AnchorMax.x
      value: 0
      objectReference: {fileID: 0}
    - target: {fileID: 417093740062807442, guid: 14891179e593afb438cdfa61d68255e5,
        type: 3}
      propertyPath: m_AnchorMax.y
      value: 0
      objectReference: {fileID: 0}
    - target: {fileID: 3204150164093800121, guid: 14891179e593afb438cdfa61d68255e5,
        type: 3}
      propertyPath: m_AnchorMax.x
      value: 0
      objectReference: {fileID: 0}
    - target: {fileID: 3204150164093800121, guid: 14891179e593afb438cdfa61d68255e5,
        type: 3}
      propertyPath: m_AnchorMax.y
      value: 0
      objectReference: {fileID: 0}
    - target: {fileID: 7810648593323045603, guid: 14891179e593afb438cdfa61d68255e5,
        type: 3}
      propertyPath: m_AnchorMax.x
      value: 0
      objectReference: {fileID: 0}
    - target: {fileID: 7810648593323045603, guid: 14891179e593afb438cdfa61d68255e5,
        type: 3}
      propertyPath: m_AnchorMax.y
      value: 0
      objectReference: {fileID: 0}
    - target: {fileID: 3036949079120559296, guid: 14891179e593afb438cdfa61d68255e5,
        type: 3}
      propertyPath: m_AnchorMax.x
      value: 0
      objectReference: {fileID: 0}
    - target: {fileID: 3036949079120559296, guid: 14891179e593afb438cdfa61d68255e5,
        type: 3}
      propertyPath: m_AnchorMax.y
      value: 0
      objectReference: {fileID: 0}
    - target: {fileID: 7605692674850082472, guid: 14891179e593afb438cdfa61d68255e5,
        type: 3}
      propertyPath: m_textInfo.characterCount
      value: 0
      objectReference: {fileID: 0}
    - target: {fileID: 7605692674850082472, guid: 14891179e593afb438cdfa61d68255e5,
        type: 3}
      propertyPath: m_textInfo.spaceCount
      value: 0
      objectReference: {fileID: 0}
    - target: {fileID: 7605692674850082472, guid: 14891179e593afb438cdfa61d68255e5,
        type: 3}
      propertyPath: m_textInfo.wordCount
      value: 0
      objectReference: {fileID: 0}
    - target: {fileID: 7605692674850082472, guid: 14891179e593afb438cdfa61d68255e5,
        type: 3}
      propertyPath: m_textInfo.lineCount
      value: 0
      objectReference: {fileID: 0}
    - target: {fileID: 7605692674850082472, guid: 14891179e593afb438cdfa61d68255e5,
        type: 3}
      propertyPath: m_textInfo.pageCount
      value: 0
      objectReference: {fileID: 0}
    - target: {fileID: 7473570429868609773, guid: 14891179e593afb438cdfa61d68255e5,
        type: 3}
      propertyPath: m_textInfo.characterCount
      value: 0
      objectReference: {fileID: 0}
    - target: {fileID: 7473570429868609773, guid: 14891179e593afb438cdfa61d68255e5,
        type: 3}
      propertyPath: m_textInfo.wordCount
      value: 0
      objectReference: {fileID: 0}
    - target: {fileID: 7473570429868609773, guid: 14891179e593afb438cdfa61d68255e5,
        type: 3}
      propertyPath: m_textInfo.lineCount
      value: 0
      objectReference: {fileID: 0}
    - target: {fileID: 7473570429868609773, guid: 14891179e593afb438cdfa61d68255e5,
        type: 3}
      propertyPath: m_textInfo.pageCount
      value: 0
      objectReference: {fileID: 0}
    - target: {fileID: 8022727984947939826, guid: 14891179e593afb438cdfa61d68255e5,
        type: 3}
      propertyPath: m_textInfo.characterCount
      value: 0
      objectReference: {fileID: 0}
    - target: {fileID: 8022727984947939826, guid: 14891179e593afb438cdfa61d68255e5,
        type: 3}
      propertyPath: m_textInfo.spaceCount
      value: 0
      objectReference: {fileID: 0}
    - target: {fileID: 8022727984947939826, guid: 14891179e593afb438cdfa61d68255e5,
        type: 3}
      propertyPath: m_textInfo.wordCount
      value: 0
      objectReference: {fileID: 0}
    - target: {fileID: 8022727984947939826, guid: 14891179e593afb438cdfa61d68255e5,
        type: 3}
      propertyPath: m_textInfo.lineCount
      value: 0
      objectReference: {fileID: 0}
    - target: {fileID: 8022727984947939826, guid: 14891179e593afb438cdfa61d68255e5,
        type: 3}
      propertyPath: m_textInfo.pageCount
      value: 0
      objectReference: {fileID: 0}
    - target: {fileID: 5833917243065170174, guid: 14891179e593afb438cdfa61d68255e5,
        type: 3}
      propertyPath: m_textInfo.characterCount
      value: 0
      objectReference: {fileID: 0}
    - target: {fileID: 5833917243065170174, guid: 14891179e593afb438cdfa61d68255e5,
        type: 3}
      propertyPath: m_textInfo.wordCount
      value: 0
      objectReference: {fileID: 0}
    - target: {fileID: 5833917243065170174, guid: 14891179e593afb438cdfa61d68255e5,
        type: 3}
      propertyPath: m_textInfo.lineCount
      value: 0
      objectReference: {fileID: 0}
    - target: {fileID: 5833917243065170174, guid: 14891179e593afb438cdfa61d68255e5,
        type: 3}
      propertyPath: m_textInfo.pageCount
      value: 0
      objectReference: {fileID: 0}
    - target: {fileID: 2593746545491401795, guid: 14891179e593afb438cdfa61d68255e5,
        type: 3}
      propertyPath: m_textInfo.characterCount
      value: 0
      objectReference: {fileID: 0}
    - target: {fileID: 2593746545491401795, guid: 14891179e593afb438cdfa61d68255e5,
        type: 3}
      propertyPath: m_textInfo.wordCount
      value: 0
      objectReference: {fileID: 0}
    - target: {fileID: 2593746545491401795, guid: 14891179e593afb438cdfa61d68255e5,
        type: 3}
      propertyPath: m_textInfo.lineCount
      value: 0
      objectReference: {fileID: 0}
    - target: {fileID: 2593746545491401795, guid: 14891179e593afb438cdfa61d68255e5,
        type: 3}
      propertyPath: m_textInfo.pageCount
      value: 0
      objectReference: {fileID: 0}
    - target: {fileID: 4135752110877695872, guid: 14891179e593afb438cdfa61d68255e5,
        type: 3}
      propertyPath: m_textInfo.characterCount
      value: 0
      objectReference: {fileID: 0}
    - target: {fileID: 4135752110877695872, guid: 14891179e593afb438cdfa61d68255e5,
        type: 3}
      propertyPath: m_textInfo.wordCount
      value: 0
      objectReference: {fileID: 0}
    - target: {fileID: 4135752110877695872, guid: 14891179e593afb438cdfa61d68255e5,
        type: 3}
      propertyPath: m_textInfo.lineCount
      value: 0
      objectReference: {fileID: 0}
    - target: {fileID: 4135752110877695872, guid: 14891179e593afb438cdfa61d68255e5,
        type: 3}
      propertyPath: m_textInfo.pageCount
      value: 0
      objectReference: {fileID: 0}
    - target: {fileID: 849037866272729913, guid: 14891179e593afb438cdfa61d68255e5,
        type: 3}
      propertyPath: m_textInfo.characterCount
      value: 0
      objectReference: {fileID: 0}
    - target: {fileID: 849037866272729913, guid: 14891179e593afb438cdfa61d68255e5,
        type: 3}
      propertyPath: m_textInfo.wordCount
      value: 0
      objectReference: {fileID: 0}
    - target: {fileID: 849037866272729913, guid: 14891179e593afb438cdfa61d68255e5,
        type: 3}
      propertyPath: m_textInfo.lineCount
      value: 0
      objectReference: {fileID: 0}
    - target: {fileID: 849037866272729913, guid: 14891179e593afb438cdfa61d68255e5,
        type: 3}
      propertyPath: m_textInfo.pageCount
      value: 0
      objectReference: {fileID: 0}
    - target: {fileID: 6132519212025255781, guid: 14891179e593afb438cdfa61d68255e5,
        type: 3}
      propertyPath: m_textInfo.characterCount
      value: 0
      objectReference: {fileID: 0}
    - target: {fileID: 6132519212025255781, guid: 14891179e593afb438cdfa61d68255e5,
        type: 3}
      propertyPath: m_textInfo.wordCount
      value: 0
      objectReference: {fileID: 0}
    - target: {fileID: 6132519212025255781, guid: 14891179e593afb438cdfa61d68255e5,
        type: 3}
      propertyPath: m_textInfo.lineCount
      value: 0
      objectReference: {fileID: 0}
    - target: {fileID: 6132519212025255781, guid: 14891179e593afb438cdfa61d68255e5,
        type: 3}
      propertyPath: m_textInfo.pageCount
      value: 0
      objectReference: {fileID: 0}
    - target: {fileID: 2441994556687515856, guid: 14891179e593afb438cdfa61d68255e5,
        type: 3}
      propertyPath: m_textInfo.characterCount
      value: 0
      objectReference: {fileID: 0}
    - target: {fileID: 2441994556687515856, guid: 14891179e593afb438cdfa61d68255e5,
        type: 3}
      propertyPath: m_textInfo.spaceCount
      value: 0
      objectReference: {fileID: 0}
    - target: {fileID: 2441994556687515856, guid: 14891179e593afb438cdfa61d68255e5,
        type: 3}
      propertyPath: m_textInfo.wordCount
      value: 0
      objectReference: {fileID: 0}
    - target: {fileID: 2441994556687515856, guid: 14891179e593afb438cdfa61d68255e5,
        type: 3}
      propertyPath: m_textInfo.lineCount
      value: 0
      objectReference: {fileID: 0}
    - target: {fileID: 2441994556687515856, guid: 14891179e593afb438cdfa61d68255e5,
        type: 3}
      propertyPath: m_textInfo.pageCount
      value: 0
      objectReference: {fileID: 0}
    - target: {fileID: 3387784237418289969, guid: 14891179e593afb438cdfa61d68255e5,
        type: 3}
      propertyPath: m_textInfo.characterCount
      value: 0
      objectReference: {fileID: 0}
    - target: {fileID: 3387784237418289969, guid: 14891179e593afb438cdfa61d68255e5,
        type: 3}
      propertyPath: m_textInfo.spaceCount
      value: 0
      objectReference: {fileID: 0}
    - target: {fileID: 3387784237418289969, guid: 14891179e593afb438cdfa61d68255e5,
        type: 3}
      propertyPath: m_textInfo.wordCount
      value: 0
      objectReference: {fileID: 0}
    - target: {fileID: 3387784237418289969, guid: 14891179e593afb438cdfa61d68255e5,
        type: 3}
      propertyPath: m_textInfo.lineCount
      value: 0
      objectReference: {fileID: 0}
    - target: {fileID: 3387784237418289969, guid: 14891179e593afb438cdfa61d68255e5,
        type: 3}
      propertyPath: m_textInfo.pageCount
      value: 0
      objectReference: {fileID: 0}
    - target: {fileID: 5242940121799039130, guid: 14891179e593afb438cdfa61d68255e5,
        type: 3}
      propertyPath: m_textInfo.characterCount
      value: 0
      objectReference: {fileID: 0}
    - target: {fileID: 5242940121799039130, guid: 14891179e593afb438cdfa61d68255e5,
        type: 3}
      propertyPath: m_textInfo.spaceCount
      value: 0
      objectReference: {fileID: 0}
    - target: {fileID: 5242940121799039130, guid: 14891179e593afb438cdfa61d68255e5,
        type: 3}
      propertyPath: m_textInfo.wordCount
      value: 0
      objectReference: {fileID: 0}
    - target: {fileID: 5242940121799039130, guid: 14891179e593afb438cdfa61d68255e5,
        type: 3}
      propertyPath: m_textInfo.lineCount
      value: 0
      objectReference: {fileID: 0}
    - target: {fileID: 5242940121799039130, guid: 14891179e593afb438cdfa61d68255e5,
        type: 3}
      propertyPath: m_textInfo.pageCount
      value: 0
      objectReference: {fileID: 0}
    - target: {fileID: 4420672341702112820, guid: 14891179e593afb438cdfa61d68255e5,
        type: 3}
      propertyPath: m_textInfo.characterCount
      value: 0
      objectReference: {fileID: 0}
    - target: {fileID: 4420672341702112820, guid: 14891179e593afb438cdfa61d68255e5,
        type: 3}
      propertyPath: m_textInfo.wordCount
      value: 0
      objectReference: {fileID: 0}
    - target: {fileID: 4420672341702112820, guid: 14891179e593afb438cdfa61d68255e5,
        type: 3}
      propertyPath: m_textInfo.lineCount
      value: 0
      objectReference: {fileID: 0}
    - target: {fileID: 4420672341702112820, guid: 14891179e593afb438cdfa61d68255e5,
        type: 3}
      propertyPath: m_textInfo.pageCount
      value: 0
      objectReference: {fileID: 0}
    - target: {fileID: 3854681878332776827, guid: 14891179e593afb438cdfa61d68255e5,
        type: 3}
      propertyPath: m_textInfo.characterCount
      value: 0
      objectReference: {fileID: 0}
    - target: {fileID: 3854681878332776827, guid: 14891179e593afb438cdfa61d68255e5,
        type: 3}
      propertyPath: m_textInfo.wordCount
      value: 0
      objectReference: {fileID: 0}
    - target: {fileID: 3854681878332776827, guid: 14891179e593afb438cdfa61d68255e5,
        type: 3}
      propertyPath: m_textInfo.lineCount
      value: 0
      objectReference: {fileID: 0}
    - target: {fileID: 3854681878332776827, guid: 14891179e593afb438cdfa61d68255e5,
        type: 3}
      propertyPath: m_textInfo.pageCount
      value: 0
      objectReference: {fileID: 0}
    - target: {fileID: 9093504589437851159, guid: 14891179e593afb438cdfa61d68255e5,
        type: 3}
      propertyPath: m_textInfo.characterCount
      value: 0
      objectReference: {fileID: 0}
    - target: {fileID: 9093504589437851159, guid: 14891179e593afb438cdfa61d68255e5,
        type: 3}
      propertyPath: m_textInfo.spaceCount
      value: 0
      objectReference: {fileID: 0}
    - target: {fileID: 9093504589437851159, guid: 14891179e593afb438cdfa61d68255e5,
        type: 3}
      propertyPath: m_textInfo.wordCount
      value: 0
      objectReference: {fileID: 0}
    - target: {fileID: 9093504589437851159, guid: 14891179e593afb438cdfa61d68255e5,
        type: 3}
      propertyPath: m_textInfo.lineCount
      value: 0
      objectReference: {fileID: 0}
    - target: {fileID: 9093504589437851159, guid: 14891179e593afb438cdfa61d68255e5,
        type: 3}
      propertyPath: m_textInfo.pageCount
      value: 0
      objectReference: {fileID: 0}
    - target: {fileID: 1770867170192064060, guid: 14891179e593afb438cdfa61d68255e5,
        type: 3}
      propertyPath: m_textInfo.characterCount
      value: 0
      objectReference: {fileID: 0}
    - target: {fileID: 1770867170192064060, guid: 14891179e593afb438cdfa61d68255e5,
        type: 3}
      propertyPath: m_textInfo.spaceCount
      value: 0
      objectReference: {fileID: 0}
    - target: {fileID: 1770867170192064060, guid: 14891179e593afb438cdfa61d68255e5,
        type: 3}
      propertyPath: m_textInfo.wordCount
      value: 0
      objectReference: {fileID: 0}
    - target: {fileID: 1770867170192064060, guid: 14891179e593afb438cdfa61d68255e5,
        type: 3}
      propertyPath: m_textInfo.lineCount
      value: 0
      objectReference: {fileID: 0}
    - target: {fileID: 1770867170192064060, guid: 14891179e593afb438cdfa61d68255e5,
        type: 3}
      propertyPath: m_textInfo.pageCount
      value: 0
      objectReference: {fileID: 0}
    - target: {fileID: 1460935476386286256, guid: 14891179e593afb438cdfa61d68255e5,
        type: 3}
      propertyPath: m_textInfo.characterCount
      value: 0
      objectReference: {fileID: 0}
    - target: {fileID: 1460935476386286256, guid: 14891179e593afb438cdfa61d68255e5,
        type: 3}
      propertyPath: m_textInfo.spaceCount
      value: 0
      objectReference: {fileID: 0}
    - target: {fileID: 1460935476386286256, guid: 14891179e593afb438cdfa61d68255e5,
        type: 3}
      propertyPath: m_textInfo.wordCount
      value: 0
      objectReference: {fileID: 0}
    - target: {fileID: 1460935476386286256, guid: 14891179e593afb438cdfa61d68255e5,
        type: 3}
      propertyPath: m_textInfo.lineCount
      value: 0
      objectReference: {fileID: 0}
    - target: {fileID: 1460935476386286256, guid: 14891179e593afb438cdfa61d68255e5,
        type: 3}
      propertyPath: m_textInfo.pageCount
      value: 0
      objectReference: {fileID: 0}
    - target: {fileID: 2888471798965993843, guid: 14891179e593afb438cdfa61d68255e5,
        type: 3}
      propertyPath: m_textInfo.characterCount
      value: 0
      objectReference: {fileID: 0}
    - target: {fileID: 2888471798965993843, guid: 14891179e593afb438cdfa61d68255e5,
        type: 3}
      propertyPath: m_textInfo.wordCount
      value: 0
      objectReference: {fileID: 0}
    - target: {fileID: 2888471798965993843, guid: 14891179e593afb438cdfa61d68255e5,
        type: 3}
      propertyPath: m_textInfo.lineCount
      value: 0
      objectReference: {fileID: 0}
    - target: {fileID: 2888471798965993843, guid: 14891179e593afb438cdfa61d68255e5,
        type: 3}
      propertyPath: m_textInfo.pageCount
      value: 0
      objectReference: {fileID: 0}
    - target: {fileID: 5352863523655915953, guid: 14891179e593afb438cdfa61d68255e5,
        type: 3}
      propertyPath: m_textInfo.characterCount
      value: 0
      objectReference: {fileID: 0}
    - target: {fileID: 5352863523655915953, guid: 14891179e593afb438cdfa61d68255e5,
        type: 3}
      propertyPath: m_textInfo.wordCount
      value: 0
      objectReference: {fileID: 0}
    - target: {fileID: 5352863523655915953, guid: 14891179e593afb438cdfa61d68255e5,
        type: 3}
      propertyPath: m_textInfo.lineCount
      value: 0
      objectReference: {fileID: 0}
    - target: {fileID: 5352863523655915953, guid: 14891179e593afb438cdfa61d68255e5,
        type: 3}
      propertyPath: m_textInfo.pageCount
      value: 0
      objectReference: {fileID: 0}
    - target: {fileID: 8045751039728627566, guid: 14891179e593afb438cdfa61d68255e5,
        type: 3}
      propertyPath: m_textInfo.characterCount
      value: 0
      objectReference: {fileID: 0}
    - target: {fileID: 8045751039728627566, guid: 14891179e593afb438cdfa61d68255e5,
        type: 3}
      propertyPath: m_textInfo.wordCount
      value: 0
      objectReference: {fileID: 0}
    - target: {fileID: 8045751039728627566, guid: 14891179e593afb438cdfa61d68255e5,
        type: 3}
      propertyPath: m_textInfo.lineCount
      value: 0
      objectReference: {fileID: 0}
    - target: {fileID: 8045751039728627566, guid: 14891179e593afb438cdfa61d68255e5,
        type: 3}
      propertyPath: m_textInfo.pageCount
      value: 0
      objectReference: {fileID: 0}
    - target: {fileID: 221908378532760363, guid: 14891179e593afb438cdfa61d68255e5,
        type: 3}
      propertyPath: m_textInfo.characterCount
      value: 0
      objectReference: {fileID: 0}
    - target: {fileID: 221908378532760363, guid: 14891179e593afb438cdfa61d68255e5,
        type: 3}
      propertyPath: m_textInfo.wordCount
      value: 0
      objectReference: {fileID: 0}
    - target: {fileID: 221908378532760363, guid: 14891179e593afb438cdfa61d68255e5,
        type: 3}
      propertyPath: m_textInfo.lineCount
      value: 0
      objectReference: {fileID: 0}
    - target: {fileID: 221908378532760363, guid: 14891179e593afb438cdfa61d68255e5,
        type: 3}
      propertyPath: m_textInfo.pageCount
      value: 0
      objectReference: {fileID: 0}
    - target: {fileID: 6300773108601186804, guid: 14891179e593afb438cdfa61d68255e5,
        type: 3}
      propertyPath: m_textInfo.characterCount
      value: 0
      objectReference: {fileID: 0}
    - target: {fileID: 6300773108601186804, guid: 14891179e593afb438cdfa61d68255e5,
        type: 3}
      propertyPath: m_textInfo.wordCount
      value: 0
      objectReference: {fileID: 0}
    - target: {fileID: 6300773108601186804, guid: 14891179e593afb438cdfa61d68255e5,
        type: 3}
      propertyPath: m_textInfo.lineCount
      value: 0
      objectReference: {fileID: 0}
    - target: {fileID: 6300773108601186804, guid: 14891179e593afb438cdfa61d68255e5,
        type: 3}
      propertyPath: m_textInfo.pageCount
      value: 0
      objectReference: {fileID: 0}
    - target: {fileID: 58114001975551979, guid: 14891179e593afb438cdfa61d68255e5,
        type: 3}
      propertyPath: m_textInfo.characterCount
      value: 0
      objectReference: {fileID: 0}
    - target: {fileID: 58114001975551979, guid: 14891179e593afb438cdfa61d68255e5,
        type: 3}
      propertyPath: m_textInfo.wordCount
      value: 0
      objectReference: {fileID: 0}
    - target: {fileID: 58114001975551979, guid: 14891179e593afb438cdfa61d68255e5,
        type: 3}
      propertyPath: m_textInfo.lineCount
      value: 0
      objectReference: {fileID: 0}
    - target: {fileID: 58114001975551979, guid: 14891179e593afb438cdfa61d68255e5,
        type: 3}
      propertyPath: m_textInfo.pageCount
      value: 0
      objectReference: {fileID: 0}
    - target: {fileID: 2325274545955538130, guid: 14891179e593afb438cdfa61d68255e5,
        type: 3}
      propertyPath: m_AnchorMin.y
      value: 0
      objectReference: {fileID: 0}
    - target: {fileID: 2325274545955538130, guid: 14891179e593afb438cdfa61d68255e5,
        type: 3}
      propertyPath: m_AnchorMax.y
      value: 0
      objectReference: {fileID: 0}
    - target: {fileID: 2325274545955538130, guid: 14891179e593afb438cdfa61d68255e5,
        type: 3}
      propertyPath: m_AnchoredPosition.x
      value: 0
      objectReference: {fileID: 0}
    - target: {fileID: 2325274545955538130, guid: 14891179e593afb438cdfa61d68255e5,
        type: 3}
      propertyPath: m_AnchoredPosition.y
      value: 0
      objectReference: {fileID: 0}
    - target: {fileID: 3476545072128255712, guid: 14891179e593afb438cdfa61d68255e5,
        type: 3}
      propertyPath: m_AnchorMin.y
      value: 0
      objectReference: {fileID: 0}
    - target: {fileID: 3476545072128255712, guid: 14891179e593afb438cdfa61d68255e5,
        type: 3}
      propertyPath: m_AnchorMax.y
      value: 0
      objectReference: {fileID: 0}
    - target: {fileID: 3476545072128255712, guid: 14891179e593afb438cdfa61d68255e5,
        type: 3}
      propertyPath: m_AnchoredPosition.x
      value: 0
      objectReference: {fileID: 0}
    - target: {fileID: 3476545072128255712, guid: 14891179e593afb438cdfa61d68255e5,
        type: 3}
      propertyPath: m_AnchoredPosition.y
      value: 0
      objectReference: {fileID: 0}
    - target: {fileID: 7408254516480425645, guid: 14891179e593afb438cdfa61d68255e5,
        type: 3}
      propertyPath: m_AnchorMin.y
      value: 0
      objectReference: {fileID: 0}
    - target: {fileID: 7408254516480425645, guid: 14891179e593afb438cdfa61d68255e5,
        type: 3}
      propertyPath: m_AnchorMax.y
      value: 0
      objectReference: {fileID: 0}
    - target: {fileID: 7408254516480425645, guid: 14891179e593afb438cdfa61d68255e5,
        type: 3}
      propertyPath: m_AnchoredPosition.x
      value: 0
      objectReference: {fileID: 0}
    - target: {fileID: 7408254516480425645, guid: 14891179e593afb438cdfa61d68255e5,
        type: 3}
      propertyPath: m_AnchoredPosition.y
      value: 0
      objectReference: {fileID: 0}
    - target: {fileID: 7681094339486308906, guid: 14891179e593afb438cdfa61d68255e5,
        type: 3}
      propertyPath: m_AnchorMin.y
      value: 0
      objectReference: {fileID: 0}
    - target: {fileID: 7681094339486308906, guid: 14891179e593afb438cdfa61d68255e5,
        type: 3}
      propertyPath: m_AnchorMax.y
      value: 0
      objectReference: {fileID: 0}
    - target: {fileID: 7681094339486308906, guid: 14891179e593afb438cdfa61d68255e5,
        type: 3}
      propertyPath: m_AnchoredPosition.x
      value: 0
      objectReference: {fileID: 0}
    - target: {fileID: 7681094339486308906, guid: 14891179e593afb438cdfa61d68255e5,
        type: 3}
      propertyPath: m_AnchoredPosition.y
      value: 0
      objectReference: {fileID: 0}
    - target: {fileID: 1622236380507553569, guid: 14891179e593afb438cdfa61d68255e5,
        type: 3}
      propertyPath: m_AnchoredPosition.y
      value: 448.9041
      objectReference: {fileID: 0}
    - target: {fileID: 8022727985210928932, guid: 14891179e593afb438cdfa61d68255e5,
        type: 3}
      propertyPath: m_textInfo.characterCount
      value: 0
      objectReference: {fileID: 0}
    - target: {fileID: 8022727985210928932, guid: 14891179e593afb438cdfa61d68255e5,
        type: 3}
      propertyPath: m_textInfo.spaceCount
      value: 0
      objectReference: {fileID: 0}
    - target: {fileID: 8022727985210928932, guid: 14891179e593afb438cdfa61d68255e5,
        type: 3}
      propertyPath: m_textInfo.wordCount
      value: 0
      objectReference: {fileID: 0}
    - target: {fileID: 8022727985210928932, guid: 14891179e593afb438cdfa61d68255e5,
        type: 3}
      propertyPath: m_textInfo.lineCount
      value: 0
      objectReference: {fileID: 0}
    - target: {fileID: 8022727985210928932, guid: 14891179e593afb438cdfa61d68255e5,
        type: 3}
      propertyPath: m_textInfo.pageCount
      value: 0
      objectReference: {fileID: 0}
    - target: {fileID: 5403801338083000206, guid: 14891179e593afb438cdfa61d68255e5,
        type: 3}
      propertyPath: m_textInfo.characterCount
      value: 0
      objectReference: {fileID: 0}
    - target: {fileID: 5403801338083000206, guid: 14891179e593afb438cdfa61d68255e5,
        type: 3}
      propertyPath: m_textInfo.wordCount
      value: 0
      objectReference: {fileID: 0}
    - target: {fileID: 5403801338083000206, guid: 14891179e593afb438cdfa61d68255e5,
        type: 3}
      propertyPath: m_textInfo.lineCount
      value: 0
      objectReference: {fileID: 0}
    - target: {fileID: 5403801338083000206, guid: 14891179e593afb438cdfa61d68255e5,
        type: 3}
      propertyPath: m_textInfo.pageCount
      value: 0
      objectReference: {fileID: 0}
    - target: {fileID: 6101850690164838232, guid: 14891179e593afb438cdfa61d68255e5,
        type: 3}
      propertyPath: m_AnchorMax.x
      value: 0
      objectReference: {fileID: 0}
    - target: {fileID: 6101850690164838232, guid: 14891179e593afb438cdfa61d68255e5,
        type: 3}
      propertyPath: m_AnchorMax.y
      value: 0
      objectReference: {fileID: 0}
    - target: {fileID: 6101850690164838232, guid: 14891179e593afb438cdfa61d68255e5,
        type: 3}
      propertyPath: m_SizeDelta.x
      value: 0
      objectReference: {fileID: 0}
    - target: {fileID: 454476806522743973, guid: 14891179e593afb438cdfa61d68255e5,
        type: 3}
      propertyPath: m_AnchorMax.x
      value: 0
      objectReference: {fileID: 0}
    - target: {fileID: 454476806522743973, guid: 14891179e593afb438cdfa61d68255e5,
        type: 3}
      propertyPath: m_AnchorMax.y
      value: 0
      objectReference: {fileID: 0}
    - target: {fileID: 454476806522743973, guid: 14891179e593afb438cdfa61d68255e5,
        type: 3}
      propertyPath: m_AnchorMin.y
      value: 0
      objectReference: {fileID: 0}
    - target: {fileID: 1409861785, guid: 14891179e593afb438cdfa61d68255e5, type: 3}
      propertyPath: m_textInfo.characterCount
      value: 0
      objectReference: {fileID: 0}
    - target: {fileID: 1409861785, guid: 14891179e593afb438cdfa61d68255e5, type: 3}
      propertyPath: m_textInfo.wordCount
      value: 0
      objectReference: {fileID: 0}
    - target: {fileID: 1409861785, guid: 14891179e593afb438cdfa61d68255e5, type: 3}
      propertyPath: m_textInfo.lineCount
      value: 0
      objectReference: {fileID: 0}
    - target: {fileID: 1409861785, guid: 14891179e593afb438cdfa61d68255e5, type: 3}
      propertyPath: m_textInfo.pageCount
      value: 0
      objectReference: {fileID: 0}
    - target: {fileID: 4676292201918846445, guid: 14891179e593afb438cdfa61d68255e5,
        type: 3}
      propertyPath: m_textInfo.characterCount
      value: 0
      objectReference: {fileID: 0}
    - target: {fileID: 4676292201918846445, guid: 14891179e593afb438cdfa61d68255e5,
        type: 3}
      propertyPath: m_textInfo.wordCount
      value: 0
      objectReference: {fileID: 0}
    - target: {fileID: 4676292201918846445, guid: 14891179e593afb438cdfa61d68255e5,
        type: 3}
      propertyPath: m_textInfo.lineCount
      value: 0
      objectReference: {fileID: 0}
    - target: {fileID: 4676292201918846445, guid: 14891179e593afb438cdfa61d68255e5,
        type: 3}
      propertyPath: m_textInfo.pageCount
      value: 0
      objectReference: {fileID: 0}
    m_RemovedComponents: []
  m_SourcePrefab: {fileID: 100100000, guid: 14891179e593afb438cdfa61d68255e5, type: 3}
--- !u!4 &1693190082 stripped
Transform:
  m_CorrespondingSourceObject: {fileID: 5969542883797661814, guid: f0643eb72f2cbe04495c988db606b31f,
    type: 3}
  m_PrefabInstance: {fileID: 743456220}
  m_PrefabAsset: {fileID: 0}
--- !u!4 &1742285624 stripped
Transform:
  m_CorrespondingSourceObject: {fileID: 5969542883797661814, guid: f0643eb72f2cbe04495c988db606b31f,
    type: 3}
  m_PrefabInstance: {fileID: 497443008}
  m_PrefabAsset: {fileID: 0}
--- !u!4 &1798930759 stripped
Transform:
  m_CorrespondingSourceObject: {fileID: 5969542883797661814, guid: f0643eb72f2cbe04495c988db606b31f,
    type: 3}
  m_PrefabInstance: {fileID: 244270471}
  m_PrefabAsset: {fileID: 0}
--- !u!1001 &1893359473
PrefabInstance:
  m_ObjectHideFlags: 0
  serializedVersion: 2
  m_Modification:
    m_TransformParent: {fileID: 477661823}
    m_Modifications:
    - target: {fileID: 5969542883797661706, guid: f0643eb72f2cbe04495c988db606b31f,
        type: 3}
      propertyPath: m_Name
      value: ExitPoint
      objectReference: {fileID: 0}
    - target: {fileID: 5969542883797661814, guid: f0643eb72f2cbe04495c988db606b31f,
        type: 3}
      propertyPath: m_LocalPosition.x
      value: 16.5
      objectReference: {fileID: 0}
    - target: {fileID: 5969542883797661814, guid: f0643eb72f2cbe04495c988db606b31f,
        type: 3}
      propertyPath: m_LocalPosition.y
      value: 0.08
      objectReference: {fileID: 0}
    - target: {fileID: 5969542883797661814, guid: f0643eb72f2cbe04495c988db606b31f,
        type: 3}
      propertyPath: m_LocalPosition.z
      value: 1.5
      objectReference: {fileID: 0}
    - target: {fileID: 5969542883797661814, guid: f0643eb72f2cbe04495c988db606b31f,
        type: 3}
      propertyPath: m_LocalRotation.x
      value: -0
      objectReference: {fileID: 0}
    - target: {fileID: 5969542883797661814, guid: f0643eb72f2cbe04495c988db606b31f,
        type: 3}
      propertyPath: m_LocalRotation.y
      value: 1
      objectReference: {fileID: 0}
    - target: {fileID: 5969542883797661814, guid: f0643eb72f2cbe04495c988db606b31f,
        type: 3}
      propertyPath: m_LocalRotation.z
      value: -0
      objectReference: {fileID: 0}
    - target: {fileID: 5969542883797661814, guid: f0643eb72f2cbe04495c988db606b31f,
        type: 3}
      propertyPath: m_LocalRotation.w
      value: 0
      objectReference: {fileID: 0}
    - target: {fileID: 5969542883797661814, guid: f0643eb72f2cbe04495c988db606b31f,
        type: 3}
      propertyPath: m_RootOrder
      value: 0
      objectReference: {fileID: 0}
    - target: {fileID: 5969542883797661814, guid: f0643eb72f2cbe04495c988db606b31f,
        type: 3}
      propertyPath: m_LocalEulerAnglesHint.x
      value: 0
      objectReference: {fileID: 0}
    - target: {fileID: 5969542883797661814, guid: f0643eb72f2cbe04495c988db606b31f,
        type: 3}
      propertyPath: m_LocalEulerAnglesHint.y
      value: 180
      objectReference: {fileID: 0}
    - target: {fileID: 5969542883797661814, guid: f0643eb72f2cbe04495c988db606b31f,
        type: 3}
      propertyPath: m_LocalEulerAnglesHint.z
      value: 0
      objectReference: {fileID: 0}
    m_RemovedComponents: []
  m_SourcePrefab: {fileID: 100100000, guid: f0643eb72f2cbe04495c988db606b31f, type: 3}
--- !u!1001 &7356838025819075552
PrefabInstance:
  m_ObjectHideFlags: 0
  serializedVersion: 2
  m_Modification:
    m_TransformParent: {fileID: 0}
    m_Modifications:
    - target: {fileID: 2155567465734071283, guid: 33446c22ce67b6d4db88d3894240952b,
        type: 3}
      propertyPath: m_Name
      value: Level_01_Special
      objectReference: {fileID: 0}
    - target: {fileID: 2155567465734071282, guid: 33446c22ce67b6d4db88d3894240952b,
        type: 3}
      propertyPath: m_LocalPosition.x
      value: 0
      objectReference: {fileID: 0}
    - target: {fileID: 2155567465734071282, guid: 33446c22ce67b6d4db88d3894240952b,
        type: 3}
      propertyPath: m_LocalPosition.y
      value: 0
      objectReference: {fileID: 0}
    - target: {fileID: 2155567465734071282, guid: 33446c22ce67b6d4db88d3894240952b,
        type: 3}
      propertyPath: m_LocalPosition.z
      value: 0
      objectReference: {fileID: 0}
    - target: {fileID: 2155567465734071282, guid: 33446c22ce67b6d4db88d3894240952b,
        type: 3}
      propertyPath: m_LocalRotation.x
      value: -0
      objectReference: {fileID: 0}
    - target: {fileID: 2155567465734071282, guid: 33446c22ce67b6d4db88d3894240952b,
        type: 3}
      propertyPath: m_LocalRotation.y
      value: -0
      objectReference: {fileID: 0}
    - target: {fileID: 2155567465734071282, guid: 33446c22ce67b6d4db88d3894240952b,
        type: 3}
      propertyPath: m_LocalRotation.z
      value: -0
      objectReference: {fileID: 0}
    - target: {fileID: 2155567465734071282, guid: 33446c22ce67b6d4db88d3894240952b,
        type: 3}
      propertyPath: m_LocalRotation.w
      value: 1
      objectReference: {fileID: 0}
    - target: {fileID: 2155567465734071282, guid: 33446c22ce67b6d4db88d3894240952b,
        type: 3}
      propertyPath: m_RootOrder
      value: 0
      objectReference: {fileID: 0}
    - target: {fileID: 2155567465734071282, guid: 33446c22ce67b6d4db88d3894240952b,
        type: 3}
      propertyPath: m_LocalEulerAnglesHint.x
      value: 0
      objectReference: {fileID: 0}
    - target: {fileID: 2155567465734071282, guid: 33446c22ce67b6d4db88d3894240952b,
        type: 3}
      propertyPath: m_LocalEulerAnglesHint.y
      value: 0
      objectReference: {fileID: 0}
    - target: {fileID: 2155567465734071282, guid: 33446c22ce67b6d4db88d3894240952b,
        type: 3}
      propertyPath: m_LocalEulerAnglesHint.z
      value: 0
      objectReference: {fileID: 0}
    m_RemovedComponents: []
  m_SourcePrefab: {fileID: 100100000, guid: 33446c22ce67b6d4db88d3894240952b, type: 3}
